TOP OF THE 1ST |
Cincinnati Pride batting - Pitching for Plumstead Eagles : RHP Jesús Germán
|
Pitching: RHP Jesús Germán
|
|
Batting: SHB Jaime Martínez
|
0-0: Ground out 6-3 (Groundball, 6)
|
Batting: RHB George Martin
|
0-0: SINGLE (Groundball, 6MD)
|
Batting: LHB Gabriel Aragón
|
0-0: Called Strike 0-1: Ball 1-1: Swinging Strike 1-2: Grounds into double play, 5-4-3 (Groundball, 56)
|
Top of the 1st over - 0 run(s), 1 hit(s), 0 error(s), 0 left on base; Cincinnati 0 - Plumstead 0 |
BOTTOM OF THE 1ST |
Plumstead Eagles batting - Pitching for Cincinnati Pride : LHP Pedro Castro
|
Pitching: LHP Pedro Castro
|
|
Batting: RHB Carlos Palomón
|
0-0: Ball 1-0: Fly out, F9 (Flyball, 9S)
|
Batting: RHB Jeff Townsley
|
0-0: Fly out, F9 (Flyball, 9S)
|
Batting: RHB Ethan Moore
|
0-0: Swinging Strike 0-1: Ball 1-1: SOLO HOME RUN (Flyball, 7D), Distance : 368 ft
|
Batting: LHB Dennis McConnell
|
0-0: Ball 1-0: Ground out 3-1 (Groundball, 34S)
|
Bottom of the 1st over - 1 run(s), 1 hit(s), 0 error(s), 0 left on base; Cincinnati 0 - Plumstead 1 |
TOP OF THE 2ND |
Cincinnati Pride batting - Pitching for Plumstead Eagles : RHP Jesús Germán
|
Batting: RHB Tony Long
|
0-0: Called Strike 0-1: Called Strike 0-2: Ball 1-2: Strikes out looking
|
Batting: RHB Keith Sheehan
|
0-0: Foul Ball, location: 2F 0-1: Called Strike 0-2: Ground out 6-3 (Groundball, 6)
|
Batting: RHB Jorge Flores
|
0-0: Called Strike 0-1: Swinging Strike 0-2: Ball 1-2: Ground out 5-3 (Groundball, 56)
|
Top of the 2nd over - 0 run(s), 0 hit(s), 0 error(s), 0 left on base; Cincinnati 0 - Plumstead 1 |
BOTTOM OF THE 2ND |
Plumstead Eagles batting - Pitching for Cincinnati Pride : LHP Pedro Castro
|
Batting: RHB Kolomon Meise
|
0-0: Foul Ball, location: 2F 0-1: Ball 1-1: Ball 2-1: Ball 3-1: Base on Balls
|
Batting: RHB José Moreno
|
0-0: Ball 1-0: Grounds into double play, 4-6-3 (Groundball, 4)
|
Batting: RHB Rob Brady
|
0-0: Foul Ball, location: 2F 0-1: Ball 1-1: Ball 2-1: Ball 3-1: Base on Balls
|
Batting: LHB Ryan Flynn
|
0-0: Foul Ball, location: 2F 0-1: Swinging Strike 0-2: Foul Ball, location: 2F 0-2: Ball 1-2: Ball 2-2: Ball 3-2: Base on Balls Rob Brady to second
|
Batting: RHB Howard Johnson
|
0-0: Ball 1-0: Reached on error, E5 (Groundball, 5) Rob Brady to third Ryan Flynn to second
|
Batting: RHB Carlos Palomón
|
0-0: Ball 1-0: Called Strike 1-1: Fly out, F8 (Flyball, 8RM)
|
Bottom of the 2nd over - 0 run(s), 0 hit(s), 1 error(s), 3 left on base; Cincinnati 0 - Plumstead 1 |
TOP OF THE 3RD |
Cincinnati Pride batting - Pitching for Plumstead Eagles : RHP Jesús Germán
|
Batting: RHB Roger Rush
|
0-0: Foul Ball, location: 2F 0-1: Foul Ball, location: 2F 0-2: Strikes out looking
|
Batting: RHB Gary Miller
|
0-0: Called Strike 0-1: Ball 1-1: Ball 2-1: Ball 3-1: Base on Balls
|
Batting: RHB Matt Cole
|
0-0: Foul Ball, location: 2F 0-1: Swinging Strike 0-2: Ball 1-2: Ball 2-2: Grounds into double play, 5-4-3 (Groundball, 5)
|
Top of the 3rd over - 0 run(s), 0 hit(s), 0 error(s), 0 left on base; Cincinnati 0 - Plumstead 1 |
BOTTOM OF THE 3RD |
Plumstead Eagles batting - Pitching for Cincinnati Pride : LHP Pedro Castro
|
Batting: RHB Jeff Townsley
|
0-0: Ball 1-0: Foul Ball, location: 2F 1-1: Called Strike 1-2: Ball 2-2: Ball 3-2: Ground out 4-3 (Groundball, 4)
|
Batting: RHB Ethan Moore
|
0-0: Ball 1-0: Ball 2-0: Foul Ball, location: 2F 2-1: Ground out 6-3 (Groundball, 6)
|
Batting: LHB Dennis McConnell
|
0-0: Called Strike 0-1: SINGLE (Groundball, 4MD)
|
Batting: RHB Kolomon Meise
|
0-0: Called Strike 0-1: Called Strike Dennis McConnell steals 2nd base 0-2: Ball 1-2: Ball 2-2: 2-RUN HOME RUN (Flyball, 7D), Distance : 357 ft
|
Batting: RHB José Moreno
|
0-0: Foul Ball, location: 2F 0-1: Foul Ball, location: 2F 0-2: Ball 1-2: Ball 2-2: SINGLE (Groundball, 6MD)
|
Batting: RHB Rob Brady
|
0-0: Ball 1-0: Ball 2-0: Foul Ball, location: 2F 2-1: Foul Ball, location: 2F 2-2: Strikes out looking
|
Bottom of the 3rd over - 2 run(s), 3 hit(s), 0 error(s), 1 left on base; Cincinnati 0 - Plumstead 3 |
TOP OF THE 4TH |
Cincinnati Pride batting - Pitching for Plumstead Eagles : RHP Jesús Germán
|
Batting: SHB Jaime Martínez
|
0-0: Ball 1-0: Ball 2-0: Ball 3-0: Called Strike 3-1: Reached on error, E4 (Groundball, 4)
|
Batting: RHB George Martin
|
0-0: Foul Ball, location: 2F 0-1: Ball 1-1: Ball 2-1: Foul Ball, location: 2F 2-2: Reached on error, E5 (Groundball, 56) Jaime Martínez to third
|
Batting: LHB Gabriel Aragón
|
0-0: Ball 1-0: Ball 2-0: Ball 3-0: Called Strike 3-1: Ground out 4-3 (Groundball, 4S) Jaime Martínez scores George Martin to second
|
Batting: RHB Tony Long
|
0-0: Fly out, F5 (Popup, 5L)
|
Batting: RHB Keith Sheehan
|
0-0: Swinging Strike 0-1: Called Strike 0-2: Ball 1-2: Ball 2-2: Strikes out swinging
|
Top of the 4th over - 1 run(s), 0 hit(s), 2 error(s), 1 left on base; Cincinnati 1 - Plumstead 3 |
BOTTOM OF THE 4TH |
Plumstead Eagles batting - Pitching for Cincinnati Pride : LHP Pedro Castro
|
Batting: LHB Ryan Flynn
|
0-0: Called Strike 0-1: Foul Ball, location: 2F 0-2: Strikes out looking
|
Batting: RHB Howard Johnson
|
0-0: Ball 1-0: Foul Ball, location: 2F 1-1: Ball 2-1: Ground out 1-3 (Groundball, 13)
|
Batting: RHB Carlos Palomón
|
0-0: Ground out 4-3 (Groundball, 4S)
|
Bottom of the 4th over - 0 run(s), 0 hit(s), 0 error(s), 0 left on base; Cincinnati 1 - Plumstead 3 |
TOP OF THE 5TH |
Cincinnati Pride batting - Pitching for Plumstead Eagles : RHP Jesús Germán
|
Batting: RHB Jorge Flores
|
0-0: Called Strike 0-1: Ball 1-1: Ball 2-1: Ball 3-1: Base on Balls
|
Batting: RHB Roger Rush
|
0-0: Ball 1-0: Fielders Choice at 2nd, 6-4 (Groundball, 6)
|
Batting: RHB Gary Miller
|
0-0: Called Strike 0-1: Foul Ball, location: 2F 0-2: Foul Ball, location: 2F 0-2: Ball Roger Rush steals 2nd base 1-2: Foul Ball, location: 2F 1-2: Strikes out swinging
|
Batting: RHB Matt Cole
|
0-0: Swinging Strike 0-1: Called Strike 0-2: Strikes out looking
|
Top of the 5th over - 0 run(s), 0 hit(s), 0 error(s), 1 left on base; Cincinnati 1 - Plumstead 3 |
BOTTOM OF THE 5TH |
Plumstead Eagles batting - Pitching for Cincinnati Pride : LHP Pedro Castro
|
Batting: RHB Jeff Townsley
|
0-0: Called Strike 0-1: Ball 1-1: Ground out 6-3 (Groundball, 6)
|
Batting: RHB Ethan Moore
|
0-0: Ball 1-0: Ball 2-0: Ball 3-0: Called Strike 3-1: Foul Ball, location: 2F 3-2: Base on Balls
|
Batting: LHB Dennis McConnell
|
0-0: Ball 1-0: Swinging Strike 1-1: Foul Ball, location: 2F 1-2: Foul Ball, location: 2F 1-2: Ball 2-2: Strikes out swinging
|
Batting: RHB Kolomon Meise
|
0-0: Foul Ball, location: 2F 0-1: Ball 1-1: Fly out, F6 (Popup, 6M)
|
Bottom of the 5th over - 0 run(s), 0 hit(s), 0 error(s), 1 left on base; Cincinnati 1 - Plumstead 3 |
TOP OF THE 6TH |
Cincinnati Pride batting - Pitching for Plumstead Eagles : RHP Jesús Germán
|
Batting: SHB Jaime Martínez
|
0-0: Ball 1-0: Fly out, F9 (Flyball, 9)
|
Batting: RHB George Martin
|
0-0: Called Strike 0-1: Foul Ball, location: 2F 0-2: Foul Ball, location: 2F 0-2: Ball 1-2: Foul Ball, location: 2F 1-2: Foul Ball, location: 2F 1-2: Ball 2-2: Ball 3-2: Strikes out looking
|
Batting: LHB Gabriel Aragón
|
0-0: Ground out U3 (Groundball, 34)
|
Top of the 6th over - 0 run(s), 0 hit(s), 0 error(s), 0 left on base; Cincinnati 1 - Plumstead 3 |
BOTTOM OF THE 6TH |
Plumstead Eagles batting - Pitching for Cincinnati Pride : LHP Pedro Castro
|
Pitching: LHP Vicente López
|
|
Batting: RHB José Moreno
|
0-0: Ball 1-0: Called Strike 1-1: SINGLE (Groundball, 6) (infield hit)
|
Batting: RHB Rob Brady
|
0-0: Ball 1-0: Swinging Strike 1-1: Grounds into double play, 6-4-3 (Groundball, 56)
|
Batting: LHB Ryan Flynn
|
0-0: SINGLE (Groundball, 23) (infield hit)
|
Batting: RHB Howard Johnson
|
0-0: Called Strike 0-1: Ball 1-1: SINGLE (Line Drive, 34) Ryan Flynn to second Runner from 2nd tries for 3rd, SAFE, throw made to third
|
Batting: RHB Carlos Palomón
|
0-0: Called Strike 0-1: Ball 1-1: Ball 2-1: Ball 3-1: Base on Balls Howard Johnson to second
|
Batting: RHB Jeff Townsley
|
0-0: Called Strike 0-1: Ground out 1-3 (Groundball, 15)
|
Bottom of the 6th over - 0 run(s), 3 hit(s), 0 error(s), 3 left on base; Cincinnati 1 - Plumstead 3 |
TOP OF THE 7TH |
Cincinnati Pride batting - Pitching for Plumstead Eagles : RHP Jesús Germán
|
Batting: RHB Tony Long
|
0-0: Ball 1-0: Called Strike 1-1: Ball 2-1: Swinging Strike 2-2: Foul Ball, location: 2F 2-2: Foul Ball, location: 2F 2-2: Ball 3-2: Foul Ball, location: 2F 3-2: Strikes out swinging
|
Pitching: RHP Coy Torres
|
|
Batting: RHB Keith Sheehan
|
0-0: Fly out, F9 (Line Drive, 9)
|
Batting: RHB Jorge Flores
|
0-0: SINGLE (Groundball, 4) (infield hit)
|
Batting: RHB Roger Rush
|
0-0: Ball Wild Pitch! Jorge Flores to second 1-0: Swinging Strike 1-1: Foul Ball, location: 2F 1-2: Strikes out swinging
|
Top of the 7th over - 0 run(s), 1 hit(s), 0 error(s), 1 left on base; Cincinnati 1 - Plumstead 3 |
BOTTOM OF THE 7TH |
Plumstead Eagles batting - Pitching for Cincinnati Pride : LHP Vicente López
|
Batting: RHB Ethan Moore
|
0-0: Ball 1-0: Called Strike 1-1: Called Strike 1-2: Strikes out swinging
|
Batting: LHB Dennis McConnell
|
0-0: Foul Ball, location: 2F 0-1: Ball 1-1: Ball 2-1: Foul Ball, location: 2F 2-2: Fly out, F8 (Flyball, 8RXD)
|
Batting: RHB Kolomon Meise
|
0-0: Called Strike 0-1: Swinging Strike 0-2: Strikes out looking
|
Bottom of the 7th over - 0 run(s), 0 hit(s), 0 error(s), 0 left on base; Cincinnati 1 - Plumstead 3 |
TOP OF THE 8TH |
Cincinnati Pride batting - Pitching for Plumstead Eagles : RHP Coy Torres
|
Batting: RHB Gary Miller
|
0-0: Ball 1-0: Ball 2-0: Ball 3-0: Base on Balls
|
Pitching: RHP Jesús Manuel
|
|
Batting: RHB Matt Cole
|
0-0: Foul Ball, location: 2F 0-1: Ground out 5-3 (Groundball, 56S) Gary Miller to second
|
Batting: SHB Jaime Martínez
|
0-0: Ball 1-0: Foul Ball, location: 2F 1-1: Foul Ball, location: 2F 1-2: Strikes out swinging
|
Batting: RHB George Martin
|
0-0: Ground out 6-3 (Groundball, 56D)
|
Top of the 8th over - 0 run(s), 0 hit(s), 0 error(s), 1 left on base; Cincinnati 1 - Plumstead 3 |
BOTTOM OF THE 8TH |
Plumstead Eagles batting - Pitching for Cincinnati Pride : LHP Vicente López
|
Batting: RHB José Moreno
|
0-0: Called Strike 0-1: Ball 1-1: Ball 2-1: SINGLE (Line Drive, 89S)
|
Batting: RHB Rob Brady
|
0-0: Ball 1-0: Sac Bunt - play at first, batter OUT! 1-4 José Moreno to second
|
Batting: LHB Ryan Flynn
|
0-0: Called Strike 0-1: SINGLE (Line Drive, 3D) José Moreno to third
|
Pinch Hitting: RHB José Ortega
|
0-0: Ball 1-0: Foul Ball, location: 2F 1-1: Fly out, F8 (Flyball, 8LS)
|
Pinch Hitting: RHB Juan Caceres
|
0-0: Ball 1-0: DOUBLE (Line Drive, 78XD) José Moreno scores Ryan Flynn to third Runner from 3rd tries for Home, SAFE, no throw
|
Pitching: RHP José Bruschy
|
|
Batting: RHB Jeff Townsley
|
0-0: Ball 1-0: Foul Ball, location: 2F 1-1: Ball 2-1: Ball 3-1: Base on Balls
|
Batting: RHB Ethan Moore
|
0-0: Ball Wild Pitch! Juan Caceres to third Jeff Townsley to second 1-0: Foul Ball, location: 2F 1-1: Ball 2-1: Swinging Strike 2-2: Ball 3-2: Strikes out swinging
|
Bottom of the 8th over - 2 run(s), 3 hit(s), 0 error(s), 2 left on base; Cincinnati 1 - Plumstead 5 |
TOP OF THE 9TH |
Cincinnati Pride batting - Pitching for Plumstead Eagles : RHP Jesús Manuel
|
Now at SS: Juan Caceres
|
|
Now in RF: Rubén Martínez
|
|
Batting: LHB Gabriel Aragón
|
0-0: Called Strike 0-1: Ball 1-1: Ball 2-1: Fly out, F8 (Flyball, 8LS)
|
Batting: RHB Tony Long
|
0-0: SINGLE (Groundball, 56D)
|
Batting: RHB Keith Sheehan
|
0-0: Called Strike 0-1: Ball 1-1: Ball 2-1: SINGLE (Line Drive, 4) Tony Long to second
|
Pitching: LHP Holden Clark
|
|
Batting: RHB Jorge Flores
|
0-0: Foul Ball, location: 2F 0-1: Called Strike 0-2: Foul Ball, location: 2F 0-2: Foul Ball, location: 2F 0-2: Foul Ball, location: 2F 0-2: Ball 1-2: Ball 2-2: Ball 3-2: Base on Balls Tony Long to third Keith Sheehan to second
|
Batting: RHB Roger Rush
|
0-0: Ball 1-0: Foul Ball, location: 2F 1-1: Called Strike 1-2: Ball 2-2: Strikes out swinging
|
Pinch Hitting: RHB Álex Hernández
|
0-0: Foul Ball, location: 2F 0-1: Ball 1-1: Fielders Choice at 2nd, 5-4 (Groundball, 5)
|
Top of the 9th over - 0 run(s), 2 hit(s), 0 error(s), 2 left on base; Cincinnati 1 - Plumstead 5 |
|